 Dungeon Crawl Stone Soup version 0.27.0-1-g7a089689b8 (webtiles) character file.

Game seed: 1203316228418843417

852 EnegeticOcto the Chopper (level 7, 0/62 (66) HPs)
             Began as a Deep Dwarf Fighter on Aug 2, 2021.
             Slain by a necrophage (2 damage)
             ... on level 5 of the Dungeon.
             The game lasted 00:01:53 (2728 turns).

EnegeticOcto the Chopper (Deep Dwarf Fighter)       Turns: 2728, Time: 00:01:53

HP:   0/62 (66)     AC:  0    Str: 21    XL:     7   Next: 69%
MP:   3/3           EV:  7    Int:  9    God:
Gold: 194           SH: 10    Dex: 12    Spells: 6/6 levels left

rFire    . . .     SeeInvis .   a - +0 war axe
rCold    . . .     Faith    .   c - +0 kite shield
rNeg     . . .     Spirit   .   b - +0 scale mail
rPois    .         Reflect  .   i - +0 helmet
rElec    .         Harm     .   r - +2 cloak
rCorr    .         Rampage  .   (no gloves)
Will     +....                  (no boots)
Stlth    ..........             (no amulet)
HPRegen  0.00/turn              (no ring)
MPRegen  0.08/turn              (no ring)

@: mighty, lethally poisoned (0 -> 0), corroded, drained
A: damage resistance, heal wounds, sense surroundings 1, no regeneration
a: Heal Wounds


You were on level 5 of the Dungeon.
You visited 1 branch of the dungeon, and saw 5 of its levels.

You collected 194 gold pieces.

Inventory:

Hand Weapons
 a - a +0 war axe (weapon)
Missiles
 g - 2 curare-tipped darts
Armour
 b - a +0 scale mail (worn)
 c - a +0 kite shield (worn)
 i - a +0 helmet (worn)
 r - a +2 cloak (worn)
Scrolls
 e - 2 scrolls of vulnerability {unknown}
 f - 4 scrolls of identify {unknown}
 j - 3 scrolls of teleportation {unknown}
 l - a scroll of amnesia {unknown}
 n - 2 scrolls of enchant weapon {unknown}
Potions
 h - 4 potions of heal wounds {unknown}
 k - 3 potions of attraction {unknown}
 m - 2 potions of lignification {unknown}
 o - a potion of ambrosia {unknown}
 p - 4 potions of curing {unknown}
 q - 2 potions of berserk rage {unknown}


   Skills:
 + Level 4.4 Fighting
 * Level 6.3 Axes
 + Level 5.3 Armour
 + Level 5.4 Shields


You had 6 spell levels left.
You didn't know any spells.
Your spell library contained the following spells:

 Spells                   Type           Power      Damage    Failure   Level
 Animate Skeleton         Necr           0%         N/A       98%         1
 Pain                     Necr           0%         1d4       98%         1
 Sublimation of Blood     Necr           0%         N/A       99%         2
 Vampiric Draining        Necr           0%         2d6       100%        3


Dungeon Overview and Level Annotations

Branches:
Dungeon (5/15)
 Temple: D:4-7

Altars:
Elyvilon
Kikubaaqudgha
Xom
Yredelemnul

Shops:
D:2 [


Innate Abilities, Weirdness & Mutations

You are resistant to damage.
You can heal yourself by infusing magical energy.
You passively map a small area around you.
You do not regenerate.


Message History

The acid dragon bites you.
The acid dragon claws you but does no damage.
The necrophage hits you but does no damage.
The adder bites you but does no damage. You block the jackal's attack.
You block the iguana's attack. The jackal bites you.
Found 10 gold pieces.
You aren't carrying any items that you can evoke.
Unknown command.
Unknown command.
The jackal barely misses you.
The jackal bites you but does no damage.
You feel very mighty all of a sudden. The acid dragon bites you!
The acid dragon claws you. The necrophage hits you.
You feel drained. The jackal bites you.
You closely miss the acid dragon.
The acid dragon is moderately wounded.
You hit the necrophage but do no damage.
You hit the jackal. The jackal bites you. The acid dragon spits acid at you.
The splash of acid hits you!
You are splashed with acid!
* * * LOW HITPOINT WARNING * * *
The necrophage hits you.
* * * LOW HITPOINT WARNING * * *
The jackal bites you.
* * * LOW HITPOINT WARNING * * *
The acid dragon bites you.
* * * LOW HITPOINT WARNING * * *
The acid dragon claws you.
* * * LOW HITPOINT WARNING * * *
The necrophage barely misses you.
You are too injured to fight recklessly!
You are too injured to fight recklessly!
You are too injured to fight recklessly!
You are too injured to fight recklessly!
You are too injured to fight recklessly!
You are too injured to fight recklessly!
You are too injured to fight recklessly!
You are too injured to fight recklessly!
You are too injured to fight recklessly!
You are too injured to fight recklessly!
You are too injured to fight recklessly!
You are too injured to fight recklessly!
You are too injured to fight recklessly!
You are too injured to fight recklessly!
You feel much better.
You are no longer poisoned.
The jackal barely misses you. You block the acid dragon's attack.
The acid dragon barely misses you. You block the necrophage's attack.
Your scale mail prevents you from hitting the iguana.
The iguana is heavily wounded.
You slash the jackal!
You kill the jackal!
You slash the acid dragon! You closely miss the necrophage.
The iguana bites you. You block the acid dragon's attack. x2
The necrophage hits you.
You feel drained. You block the jackal's attack.
You hit the iguana.
The iguana is severely wounded.
You barely miss the necrophage. You barely miss the acid dragon.
You hit the jackal.
You kill the jackal!
You block the iguana's attack. The acid dragon bites you!
You block the acid dragon's attack. You block the necrophage's attack.
The adder bites you. The iguana bites you. The acid dragon closely misses you.
The acid dragon claws you.
You are too injured to fight recklessly!
You are too injured to fight recklessly!
You are too injured to fight recklessly!
You are too injured to fight recklessly!
You are too injured to fight recklessly!
You are too injured to fight recklessly!
You are too injured to fight recklessly!
You are too injured to fight recklessly!
You are too injured to fight recklessly!
You are too injured to fight recklessly!
You are too injured to fight recklessly!
You are too injured to fight recklessly!
You are too injured to fight recklessly!
You are too injured to fight recklessly!
You are too injured to fight recklessly!
You are too injured to fight recklessly!
You feel much better. You block the necrophage's attack.
You block the adder's attack. You block the iguana's attack.
The acid dragon bites you! The acid dragon claws you.
You slash the iguana!
You kill the iguana!
You hit the necrophage. You closely miss the acid dragon. You hit the adder.
The adder bites you.
You are poisoned.
The adder poisons you! The necrophage closely misses you.
The acid dragon spits acid at you. The splash of acid hits you!
* * * LOW HITPOINT WARNING * * *
The acid corrodes you!
You are splashed with acid!
* * * LOW HITPOINT WARNING * * *
The adder bites you.
* * * LOW HITPOINT WARNING * * *
You are more poisoned.
The adder poisons you! The necrophage hits you.
You die...

, ....., .# ,$.... .#
....# ..*
.....###..##...###..
.........#.#........
.........#..........
........##........# *
+ *
........#........# #
......†@#Z.†))...#..
8 *
#...#.nDSO...†......
# ,,#..l....<......#*
...............#.## *
*
................#...,
................)# ,
...........##....# **
............,.......
*
...#.......#.####..:
*


You could see an acid dragon (catching breath), an ogre, a necrophage, an iguana
and an adder.

Vanquished Creatures
  Menkaure (D:4)
  2 phantoms
  A bullfrog (D:5)
  A scorpion (D:4)
  A howler monkey (D:5)
  A bullfrog skeleton (D:3)
  A centaur zombie (D:4)
  A centaur skeleton (D:3)
  An orc priest (D:2)
  2 jellies (D:3)
  Crazy Yiuf (D:4)
  Ijyb (D:3)
  Jessica (D:3)
  3 orc wizards
  A hound skeleton (D:4)
  A howler monkey skeleton (D:4)
  5 adders
  An ufetubus (D:4)
  A gnoll skeleton (D:3)
  5 worms
  2 dart slugs
  3 orcs
  4 ball pythons
  2 endoplasms
  A giant cockroach (D:4)
  5 goblins
  6 hobgoblins
  3 iguanas
  11 jackals
  2 quokkas
  2 bats (D:1)
  A frilled lizard (D:1)
  2 goblin skeletons
  2 jackal skeletons (D:4)
  6 kobolds
  A kobold skeleton (D:2)
  2 orc skeletons
  A quokka zombie (D:4)
  10 rats
  A rat skeleton (D:4)
99 creatures vanquished.

Notes
Turn   | Place    | Note
-------+----------+-------------------------------------------
     0 | D:1      | EnegeticOcto the Deep Dwarf Fighter began the quest for the
                  | Orb.
     0 | D:1      | Reached XP level 1. HP: 20/20 MP: 1/1
   323 | D:1      | Reached XP level 2. HP: 25/27 MP: 2/2
   452 | D:1      | Found a faded altar of an unknown god.
   459 | D:1      | Became a worshipper of Kikubaaqudgha
   459 | D:1      | Reached * piety under Kikubaaqudgha
   459 | D:1      | Received a gift from Kikubaaqudgha
   460 | D:1      | Fell from the grace of Kikubaaqudgha
   770 | D:2      | Found Etaeblaw's Armour Boutique.
   833 | D:2      | Reached skill level 3 in Axes
   833 | D:2      | Reached XP level 3. HP: 22/33 MP: 3/3
   909 | D:2      | Reached XP level 4. HP: 42/42 MP: 3/3
  1292 | D:3      | Noticed Jessica
  1304 | D:3      | Killed Jessica
  1305 | D:3      | Reached skill level 4 in Axes
  1305 | D:3      | Reached XP level 5. HP: 40/49 MP: 4/4
  1317 | D:3      | Found a shimmering altar of Xom.
  1435 | D:3      | Noticed Ijyb
  1479 | D:3      | Killed Ijyb
  1787 | D:4      | Found a shimmering altar of Xom.
  1798 | D:4      | Reached XP level 6. HP: 43/57 MP: 5/5
  1922 | D:4      | Reached skill level 5 in Axes
  1978 | D:4      | Noticed Menkaure
  1989 | D:4      | Killed Menkaure
  1990 | D:4      | Reached skill level 5 in Shields
  1990 | D:4      | Reached XP level 7. HP: 64/64 MP: 5/5
  2042 | D:4      | Reached skill level 5 in Armour
  2052 | D:4      | Found a basalt altar of Yredelemnul.
  2116 | D:4      | Found a white marble altar of Elyvilon.
  2444 | D:4      | Found a runed translucent door.
  2445 | D:4      | Noticed Crazy Yiuf
  2642 | D:4      | Killed Crazy Yiuf
  2652 | D:4      | Identified the +7 mace of the Solstice {protect, *Rage
                  | rF+++ rN+}
  2682 | D:5      | Entered Level 5 of the Dungeon
  2699 | D:5      | Reached skill level 6 in Axes
  2728 | D:5      | HP: 2/62 [adder (2)]
  2728 | D:5      | Slain by a necrophage

Illustrated notes

Levels and vault maps discovered:
D:1:      amcnicky_arrival_abandoned_market, layout_basic,
          dilly_ecumenical_altar_fadedgnrine
D:2:      layout_loops_ring, serial_shops, shop_fountains, eino_curves_03,
          minmay_rat_gold_closets
D:3:      layout_rooms, dk_xom_monty_hall, uniq_jessica, uniq_ijyb
D:4:      layout_loops_ring, kennysheep_ying_yang, minmay_ruined_shrine,
          uniq_menkaure, uniq_crazy_yiuf_cottage
D:5:      layout_cave_pools, nicolae_ashenzari_panopticon, bloody_makhleb,
          nicolae_overflow_hidden_temple, minmay_temple_entry_glassed_door

Skill      XL: |  1  2  3  4  5  6  7 |
---------------+----------------------+-----
Axes           | 3 4 5 6 |  6.3
Fighting       | 3 4 |  4.4
Shields        | 4 5 |  5.4
Armour         | 4 5 |  5.3

Action                   |  1- 3 |  4- 6 |  7- 9 || total
-------------------------+-------+-------+-------++-------
Melee: War axe           |    77 |   149 |    81 ||   307
Invok: Renounce Religion |     1 |       |       ||     1
 Abil: Heal Wounds       |     3 |     7 |     9 ||    19
  Use: Potion            |       |       |     1 ||     1
Armor: Scale mail        |    38 |   110 |    89 ||   237
Dodge: Dodged            |    17 |    75 |    52 ||   144
Block: Kite shield       |    47 |   102 |    84 ||   233
